 Dungeon Crawl Stone Soup version 0.28.0 (webtiles) character file.

Game seed: 11259769110975973379

1 freelancePsychic the Sneak (level 1, -2/20 HPs)
             Began as a Hill Orc Delver on Feb 6, 2022.
             Was an Initiate of Nemelex Xobeh.
             Slain by an adder (3 damage)
             ... on level 2 of the Dungeon.
             The game lasted 00:00:41 (133 turns).

freelancePsychic the Sneak (Hill Orc Delver)         Turns: 133, Time: 00:00:41

Health: -2/20      AC:  3    Str: 14    XL:     1   Next: 20%
Magic:  1/1        EV: 11    Int: 10    God:    Nemelex Xobeh [......]
Gold:   4          SH:  0    Dex: 12    Spells: 0/0 levels left

rFire   . . .      SeeInvis .   a - +0 hand axe
rCold   . . .      Faith    .   (no shield)
rNeg    . . .      Spirit   .   b - +0 leather armour
rPois   .          Reflect  .   (no helmet)
rElec   .          Harm     .   (no cloak)
rCorr   .          Rampage  .   (no gloves)
Will    .....                   (no boots)
Stlth   ++........              (no amulet)
HPRegen 0.06/turn               (no ring)
MPRegen 0.07/turn               (no ring)

@: lethally poisoned (-2 -> -6), hasted, very quick
A: no striking features
a: Renounce Religion, Draw Escape, Draw Destruction, Draw Summoning


You were on level 2 of the Dungeon.
You worshipped Nemelex Xobeh.
Nemelex Xobeh was noncommittal.
You visited 1 branch of the dungeon, and saw 5 of its levels.

You collected 4 gold pieces.

Inventory:

Hand Weapons
 a - a +0 hand axe (weapon)
Armour
 b - a +0 leather armour (worn)
Wands
 g - a wand of digging (3)
Scrolls
 c - a scroll of fog
 e - a scroll of fear


   Skills:
 + Level 3.6 Fighting
 + Level 2.7 Axes
 - Level 1.6 Dodging
 - Level 4.1 Stealth
 + Level 0.0 Invocations


You couldn't memorise any spells.
You didn't know any spells.
Your spell library was empty.

Dungeon Overview and Level Annotations

Branches:
Dungeon (5/15)
 Temple: D:4-7

Altars:
Nemelex Xobeh


Message History

You barely miss the frilled lizard. The frilled lizard bites you.
You closely miss the frilled lizard. The frilled lizard closely misses you.
The adder bites you.
You are poisoned.
The adder poisons you!
The frilled lizard completely misses you.
You climb upwards.
You feel sick.
The goblin shouts!
You hear a shout!
The goblin shouts!
You hear a shout!
Found a helmet.
Found an escape hatch in the floor.
There is a stone staircase leading down here.
You feel sick. The adder bites you.
You are more poisoned.
The adder poisons you!
The frilled lizard bites you but does no damage.
The adder barely misses you.
You climb downwards.
You feel very sick.
There is a stone staircase leading up here.
You hit the adder.
The adder is heavily wounded.
You closely miss the frilled lizard.
* * * LOW HITPOINT WARNING * * *
You feel very sick. The adder barely misses you. The frilled lizard bites you.
* * * LOW HITPOINT WARNING * * *
You hit the adder but do no damage.
The adder is heavily wounded.
You completely miss the frilled lizard.
* * * LOW HITPOINT WARNING * * *
You feel sick. The adder bites you.
* * * LOW HITPOINT WARNING * * *
The frilled lizard bites you but does no damage.
The adder bites you but does no damage.
You feel yourself speed up.
* * * LOW HITPOINT WARNING * * *
You feel sick.
The frilled lizard completely misses you.
The adder bites you.
You die...
Your body disappears without a glow.

#.# #.#
#..#.. #.#
#.# #..#.#
#.####.#
#.....
#....#.#
#.##.#
#......# #.
#.# #......#
#. #.#
#.....## #.
#.# #Sl..##
... #@..##
..# #...#
### .......
.........#
..........#
##.#...###.#
#.#...# .#
#.#...#


You could see an adder and a frilled lizard.

Vanquished Creatures
  An endoplasm (D:5)
1 creature vanquished.

Notes
Turn   | Place    | Note
-------+----------+-------------------------------------------
     0 | D:5      | freelancePsychic the Hill Orc Delver began the quest for
                  | the Orb.
     0 | D:5      | Reached XP level 1. HP: 19/19 MP: 1/1
    41 | D:5      | Found a sparkling altar of Nemelex Xobeh.
    45 | D:5      | Became a worshipper of Nemelex Xobeh the Trickster
   133 | D:2      | HP: 1/20 [poisoned by an adder]
   133 | D:2      | Slain by an adder

Illustrated notes

Levels and vault maps discovered:
D:1:      minmay_arrival_pointy, layout_rooms, serial_shops, shop
D:2:      layout_loops_ring, basic_altar, uniq_natasha, uniq_terence
D:3:      layout_loops_ring, hellmonk_ecumenical_altar_slurped_away,
          serial_shops, nicolae_square_shop, chequers_garden, minivault_24,
          corexii_leaking_fountain, uniq_sigmund
D:4:      cheibrodos_barr_body, layout_rooms, gammafunk_temple_overflow_wave,
          guppyfry_early_orc_mine
D:5:      layout_gridville, nemelex_dance_club_becter, minivault_5, uniq_ijyb,
          uniq_grinder

Action                   || total
-------------------------++-------
Melee: Hand axe          ||     6
  Use: Scroll            ||     1
       Potion            ||     1
 Stab: Sleeping          ||     1
Armor: Leather armour    ||     4
Dodge: Dodged            ||     5
